| TOP OF THE 1ST |
|
Cedar Rapids Cardinals batting - Pitching for Wausau Timbers : RHP Doug Cook
|
|
Pitching: RHP Doug Cook
|
|
|
Batting: RHB Reggie D Williams
|
0-0: Called Strike 0-1: Ball 1-1: Foul Ball, location: 2F 1-2: Foul Ball, location: 2F 1-2: Foul Ball, location: 2F 1-2: Strikes out swinging
|
|
Batting: RHB Nehames Bernstine
|
0-0: Ball 1-0: Ball 2-0: Called Strike 2-1: Foul Ball, location: 2F 2-2: Fly out, F7 (Flyball, 7LM, EV 88.8 MPH)
|
|
Batting: RHB Winston Ficklin
|
0-0: Ball 1-0: Ball 2-0: Called Strike 2-1: Foul Ball, location: 2F 2-2: Foul Ball, location: 2F 2-2: Ground out 6-3 (Groundball, P, EV 91.9 MPH)
|
| Top of the 1st over - 0 runs, 0 hits, 0 errors, 0 left on base; Cedar Rapids 0 - Wausau 0 |
| BOTTOM OF THE 1ST |
|
Wausau Timbers batting - Pitching for Cedar Rapids Cardinals : RHP David Cassetto
|
|
Pitching: RHP David Cassetto
|
|
|
Batting: SHB Herman Lewis
|
0-0: Ball 1-0: Ball 2-0: Ball 3-0: Called Strike 3-1: Swinging Strike 3-2: Foul Ball, location: 2F 3-2: Foul Ball, location: 2F 3-2: SINGLE (Groundball, 56D, EV 102.5 MPH)
|
|
Batting: LHB Rodney Nealeigh
|
0-0: Ball 1-0: Ball 2-0: Ball 3-0: Called Strike 3-1: 2-RUN HOME RUN (Flyball, 9D, EV 98.1 MPH), Distance : 377 ft
|
|
Batting: RHB Rich Renteria
|
0-0: Called Strike 0-1: Called Strike 0-2: Ball 1-2: Foul Ball, location: 2F 1-2: Ball 2-2: Foul Ball, location: 2F 2-2: Fly out, F6 (Flyball, 56D, EV 86.9 MPH)
|
|
Batting: LHB Tom M Foley
|
0-0: Ball 1-0: Swinging Strike 1-1: Fly out, F4 (Popup, 4, EV 69.4 MPH)
|
|
Batting: RHB Douglas Davis
|
0-0: Foul Ball, location: 2F 0-1: SOLO HOME RUN (Line Drive, 7D, EV 98.8 MPH), Distance : 387 ft
|
|
Batting: LHB Ricky Seilheimer
|
0-0: Ball 1-0: Swinging Strike 1-1: Ball 2-1: Foul Ball, location: 2F 2-2: Ball 3-2: Ground out 4-3 (Groundball, 4, EV 87.5 MPH)
|
| Bottom of the 1st over - 3 runs, 3 hits, 0 errors, 0 left on base; Cedar Rapids 0 - Wausau 3 |
| TOP OF THE 2ND |
|
Cedar Rapids Cardinals batting - Pitching for Wausau Timbers : RHP Doug Cook
|
|
Batting: RHB Ronald Grout
|
0-0: Ball 1-0: SINGLE (Groundball, 4MD, EV 105.0 MPH)
|
|
Batting: SHB Steve McAllister
|
0-0: Ball 1-0: Swinging Strike 1-1: Swinging Strike 1-2: Strikes out swinging
|
|
Batting: RHB Carson Carroll
|
0-0: Ball 1-0: Called Strike 1-1: Foul Ball, location: 2F 1-2: Ball 2-2: Strikes out swinging
|
|
Batting: SHB Bryan Hoppie
|
0-0: Called Strike 0-1: Ball 1-1: Ball 2-1: Swinging Strike 2-2: Foul Ball, location: 2F 2-2: Foul Ball, location: 2F 2-2: Foul Ball, location: 2F 2-2: Foul Ball, location: 2F 2-2: Fly out, F8 (Line Drive, 8LD, EV 93.1 MPH)
|
| Top of the 2nd over - 0 runs, 1 hit, 0 errors, 1 left on base; Cedar Rapids 0 - Wausau 3 |
| BOTTOM OF THE 2ND |
|
Wausau Timbers batting - Pitching for Cedar Rapids Cardinals : RHP David Cassetto
|
|
Batting: RHB Bruce Chaney
|
0-0: Foul Ball, location: 2F 0-1: Fly out, F9 (Flyball, 9LD, EV 92.5 MPH)
|
|
Batting: RHB Jeffrey Young
|
0-0: Ball 1-0: Foul Ball, location: 2F 1-1: Foul Ball, location: 2F 1-2: Foul Ball, location: 2F 1-2: Ball 2-2: Foul Ball, location: 2F 2-2: Foul Ball, location: 2F 2-2: Foul Ball, location: 2F 2-2: Foul Ball, location: 2F 2-2: Fly out, F8 (Line Drive, 8LD, EV 110.0 MPH)
|
|
Batting: RHB Kevin McDaniel
|
0-0: Ball 1-0: Called Strike 1-1: Foul Ball, location: 2F 1-2: SINGLE (Groundball, 56S, EV 83.8 MPH) (infield hit)
|
|
Batting: SHB Herman Lewis
|
0-0: Ball 1-0: Ball 2-0: Ground out U3 (Groundball, 34S, EV 69.4 MPH)
|
| Bottom of the 2nd over - 0 runs, 1 hit, 0 errors, 1 left on base; Cedar Rapids 0 - Wausau 3 |
| TOP OF THE 3RD |
|
Cedar Rapids Cardinals batting - Pitching for Wausau Timbers : RHP Doug Cook
|
|
Batting: SHB Duane Johnson
|
0-0: Ball 1-0: Ball 2-0: Foul Ball, location: 2F 2-1: Swinging Strike 2-2: Foul Ball, location: 2F 2-2: Foul Ball, location: 2F 2-2: Ball 3-2: Base on Balls
|
|
Batting: RHB Orlando Ramirez
|
0-0: Foul Ball, location: 2F 0-1: Called Strike 0-2: SINGLE (Groundball, 6D, EV 98.8 MPH) Duane Johnson to second
|
|
Batting: RHB Reggie D Williams
|
0-0: Ball 1-0: Ball 2-0: Ball 3-0: Base on Balls Duane Johnson to third Orlando Ramirez to second
|
|
Batting: RHB Nehames Bernstine
|
0-0: Ball 1-0: Ball 2-0: Fly out, F9 (Flyball, 9, EV 85.0 MPH) Runner from 3rd tags up, SCORES, throw by RF Orlando Ramirez to third
|
|
Batting: RHB Winston Ficklin
|
0-0: Ball Reggie D Williams is caught stealing 2nd base 2-4 1-0: Ball 2-0: Ball 3-0: Called Strike 3-1: Base on Balls
|
|
Batting: RHB Ronald Grout
|
0-0: Ball 1-0: Ball 2-0: Ball 3-0: Called Strike 3-1: Base on Balls Winston Ficklin to second
|
|
Batting: SHB Steve McAllister
|
0-0: Ball 1-0: Foul Ball, location: 2F 1-1: Ball 2-1: Ball 3-1: Base on Balls Orlando Ramirez scores Winston Ficklin to third Ronald Grout to second
|
|
Batting: RHB Carson Carroll
|
0-0: Ball 1-0: Called Strike 1-1: Ball 2-1: Ball 3-1: Swinging Strike 3-2: Foul Ball, location: 2F 3-2: Strikes out swinging
|
| Top of the 3rd over - 2 runs, 1 hit, 0 errors, 3 left on base; Cedar Rapids 2 - Wausau 3 |
| BOTTOM OF THE 3RD |
|
Wausau Timbers batting - Pitching for Cedar Rapids Cardinals : RHP David Cassetto
|
|
Batting: LHB Rodney Nealeigh
|
0-0: Ball 1-0: Ball 2-0: Called Strike 2-1: Ground out 5-3 (Groundball, 56, EV 87.5 MPH)
|
|
Batting: RHB Rich Renteria
|
0-0: Called Strike 0-1: Ball 1-1: Ground out 6-3 (Groundball, 56, EV 90.6 MPH)
|
|
Batting: LHB Tom M Foley
|
0-0: Called Strike 0-1: Called Strike 0-2: SINGLE (Flyball, 8RS, EV 91.3 MPH)
|
|
Batting: RHB Douglas Davis
|
0-0: Ball 1-0: Ball 2-0: Ground out 6-3 (Groundball, 6S, EV 64.4 MPH)
|
| Bottom of the 3rd over - 0 runs, 1 hit, 0 errors, 1 left on base; Cedar Rapids 2 - Wausau 3 |
| TOP OF THE 4TH |
|
Cedar Rapids Cardinals batting - Pitching for Wausau Timbers : RHP Doug Cook
|
|
Batting: SHB Bryan Hoppie
|
0-0: Ball 1-0: SINGLE (Line Drive, 8LS, EV 93.8 MPH)
|
|
Batting: SHB Duane Johnson
|
0-0: Ground out 6-3 (Groundball, 56D, EV 106.9 MPH) Bryan Hoppie to second
|
|
Batting: RHB Orlando Ramirez
|
0-0: Called Strike 0-1: Ball 1-1: Called Strike 1-2: Foul Ball, location: 2F 1-2: Ball 2-2: Strikes out swinging
|
|
Batting: RHB Reggie D Williams
|
0-0: Foul Ball, location: 2F 0-1: Called Strike 0-2: Foul Ball, location: 2F 0-2: Strikes out swinging
|
| Top of the 4th over - 0 runs, 1 hit, 0 errors, 1 left on base; Cedar Rapids 2 - Wausau 3 |
| BOTTOM OF THE 4TH |
|
Wausau Timbers batting - Pitching for Cedar Rapids Cardinals : RHP David Cassetto
|
|
Batting: LHB Ricky Seilheimer
|
0-0: Called Strike 0-1: Fly out, F9 (Flyball, 9S, EV 77.5 MPH)
|
|
Batting: RHB Bruce Chaney
|
0-0: Fly out, F7 (Flyball, 78M, EV 92.5 MPH)
|
|
Batting: RHB Jeffrey Young
|
0-0: Ball 1-0: Ball 2-0: Ball 3-0: Base on Balls
|
|
Batting: RHB Kevin McDaniel
|
0-0: Ball 1-0: Called Strike Jeffrey Young steals 2nd base (no throw) 1-1: Ball 2-1: Ball 3-1: Base on Balls
|
|
Batting: SHB Herman Lewis
|
0-0: Foul Ball, location: 2F 0-1: Ball 1-1: Swinging Strike 1-2: Foul Ball, location: 2F 1-2: Strikes out looking
|
| Bottom of the 4th over - 0 runs, 0 hits, 0 errors, 2 left on base; Cedar Rapids 2 - Wausau 3 |
| TOP OF THE 5TH |
|
Cedar Rapids Cardinals batting - Pitching for Wausau Timbers : RHP Doug Cook
|
|
Batting: RHB Nehames Bernstine
|
0-0: Ball 1-0: Foul Ball, location: 2F 1-1: Ball 2-1: Swinging Strike 2-2: Foul Ball, location: 2F 2-2: Strikes out swinging
|
|
Batting: RHB Winston Ficklin
|
0-0: Ball 1-0: Ball 2-0: Foul Ball, location: 2F 2-1: Ball 3-1: Base on Balls
|
|
Batting: RHB Ronald Grout
|
0-0: Ball Winston Ficklin steals 2nd base 1-0: Fly out, F4 (Flyball, 34D, EV 90.6 MPH)
|
|
Batting: SHB Steve McAllister
|
0-0: Foul Ball, location: 2F 0-1: Ball 1-1: Ground out U3 (Groundball, 3, EV 81.3 MPH)
|
| Top of the 5th over - 0 runs, 0 hits, 0 errors, 1 left on base; Cedar Rapids 2 - Wausau 3 |
| BOTTOM OF THE 5TH |
|
Wausau Timbers batting - Pitching for Cedar Rapids Cardinals : RHP David Cassetto
|
|
Batting: LHB Rodney Nealeigh
|
0-0: Called Strike 0-1: Ground out 5-3 (Groundball, 5L, EV 90.0 MPH)
|
|
Batting: RHB Rich Renteria
|
0-0: Ball 1-0: Ball 2-0: Called Strike 2-1: Fly out, F8 (Flyball, 89D, EV 93.1 MPH)
|
|
Batting: LHB Tom M Foley
|
0-0: Ball 1-0: Foul Ball, location: 2F 1-1: Called Strike 1-2: SINGLE (Line Drive, 56D, EV 98.8 MPH)
|
|
Batting: RHB Douglas Davis
|
0-0: Ball 1-0: Called Strike 1-1: Ball 2-1: Called Strike 2-2: 2-RUN HOME RUN (Flyball, 78XD, EV 112.5 MPH), Distance : 403 ft
|
|
Batting: LHB Ricky Seilheimer
|
0-0: Ball 1-0: Swinging Strike 1-1: Foul Ball, location: 2F 1-2: Ball 2-2: Strikes out swinging
|
| Bottom of the 5th over - 2 runs, 2 hits, 0 errors, 0 left on base; Cedar Rapids 2 - Wausau 5 |
| TOP OF THE 6TH |
|
Cedar Rapids Cardinals batting - Pitching for Wausau Timbers : RHP Doug Cook
|
|
Batting: RHB Carson Carroll
|
0-0: Called Strike 0-1: Fly out, F4 (Line Drive, 4, EV 69.4 MPH)
|
|
Batting: SHB Bryan Hoppie
|
0-0: Ball 1-0: Ball 2-0: Called Strike 2-1: Foul Ball, location: 2F 2-2: Strikes out looking
|
|
Pitching: RHP Jean Marquis
|
|
|
Batting: SHB Duane Johnson
|
0-0: Ball 1-0: Called Strike 1-1: Called Strike 1-2: Ground out 6-3 (Groundball, 6, EV 94.4 MPH)
|
| Top of the 6th over - 0 runs, 0 hits, 0 errors, 0 left on base; Cedar Rapids 2 - Wausau 5 |
| BOTTOM OF THE 6TH |
|
Wausau Timbers batting - Pitching for Cedar Rapids Cardinals : RHP David Cassetto
|
|
Batting: RHB Bruce Chaney
|
0-0: Foul Ball, location: 2F 0-1: Ball 1-1: Foul Ball, location: 2F 1-2: Ball 2-2: Ball 3-2: Foul Ball, location: 2F 3-2: Base on Balls
|
|
Batting: RHB Jeffrey Young
|
0-0: Ball 1-0: Bunt missed! 1-1: Bunt missed! 1-2: Fielders Choice at 2nd, 5-4 (Groundball, 56S, EV 91.9 MPH)
|
|
Batting: RHB Kevin McDaniel
|
0-0: Ball 1-0: Ball 2-0: Swinging Strike 2-1: Ball 3-1: Base on Balls Jeffrey Young to second
|
|
Batting: SHB Herman Lewis
|
0-0: Fly out, F6 (Popup, 6MD, EV 50.6 MPH)
|
|
Batting: LHB Rodney Nealeigh
|
0-0: Ball 1-0: Fly out, F7 (Flyball, 7D, EV 98.1 MPH)
|
| Bottom of the 6th over - 0 runs, 0 hits, 0 errors, 2 left on base; Cedar Rapids 2 - Wausau 5 |
| TOP OF THE 7TH |
|
Cedar Rapids Cardinals batting - Pitching for Wausau Timbers : RHP Jean Marquis
|
|
Batting: RHB Orlando Ramirez
|
0-0: Ball 1-0: Ground out 5-3 (Groundball, 56, EV 101.3 MPH)
|
|
Batting: RHB Reggie D Williams
|
0-0: Called Strike 0-1: SINGLE (Groundball, 4M, EV 97.5 MPH) (infield hit)
|
|
Batting: RHB Nehames Bernstine
|
0-0: Called Strike 0-1: Foul Ball, location: 2F 0-2: Strikes out swinging
|
|
Batting: RHB Winston Ficklin
|
0-0: Called Strike 0-1: Ball 1-1: Ball Reggie D Williams is caught stealing 2nd base 2-4
|
| Top of the 7th over - 0 runs, 1 hit, 0 errors, 0 left on base; Cedar Rapids 2 - Wausau 5 |
| BOTTOM OF THE 7TH |
|
Wausau Timbers batting - Pitching for Cedar Rapids Cardinals : RHP David Cassetto
|
|
Pitching: RHP Gerald Busby
|
|
|
Batting: RHB Rich Renteria
|
0-0: Ball 1-0: Called Strike 1-1: Foul Ball, location: 2F 1-2: Ball 2-2: Foul Ball, location: 2F 2-2: Ball 3-2: Ground out 6-3 (Groundball, 6, EV 88.1 MPH)
|
|
Batting: LHB Tom M Foley
|
0-0: Foul Ball, location: 2F 0-1: Ball 1-1: Ground out U3 (Groundball, 3S, EV 66.9 MPH)
|
|
Batting: RHB Douglas Davis
|
0-0: Called Strike 0-1: Called Strike 0-2: Ball 1-2: Ball 2-2: Foul Ball, location: 2F 2-2: Ball 3-2: Base on Balls
|
|
Batting: LHB Ricky Seilheimer
|
0-0: Called Strike 0-1: Ball 1-1: Ball 2-1: Foul Ball, location: 2F 2-2: Ball Douglas Davis is caught stealing 2nd base 2-6
|
| Bottom of the 7th over - 0 runs, 0 hits, 0 errors, 0 left on base; Cedar Rapids 2 - Wausau 5 |
| TOP OF THE 8TH |
|
Cedar Rapids Cardinals batting - Pitching for Wausau Timbers : RHP Jean Marquis
|
|
Batting: RHB Winston Ficklin
|
0-0: Swinging Strike 0-1: Swinging Strike 0-2: Ground out 4-3 (Groundball, 4, EV 82.5 MPH)
|
|
Batting: RHB Ronald Grout
|
0-0: Ball 1-0: Ball 2-0: Ball 3-0: Base on Balls
|
|
Batting: SHB Steve McAllister
|
0-0: Ball 1-0: Called Strike 1-1: Ball 2-1: Ball 3-1: Base on Balls Ronald Grout to second
|
|
Batting: RHB Carson Carroll
|
0-0: Called Strike 0-1: Ball 1-1: Foul Ball, location: 2F 1-2: SINGLE (Flyball, 8LS, EV 95.6 MPH) Ronald Grout to third Steve McAllister to second Runner from 3rd tries for Home, SAFE, throw by CF to home
|
|
Pitching: RHP Rafael Ramirez
|
|
|
Pinch Hitting: LHB Robert O'Leath
|
0-0: Foul Ball, location: 2F 0-1: Ball 1-1: Foul Ball, location: 2F 1-2: Ball 2-2: Strikes out swinging
|
|
Batting: SHB Duane Johnson
|
0-0: Ball 1-0: Ball 2-0: Ball 3-0: Called Strike 3-1: Swinging Strike 3-2: Strikes out swinging
|
| Top of the 8th over - 1 run, 1 hit, 0 errors, 2 left on base; Cedar Rapids 3 - Wausau 5 |
| BOTTOM OF THE 8TH |
|
Wausau Timbers batting - Pitching for Cedar Rapids Cardinals : RHP Gerald Busby
|
|
Now at 2B: Miguel Sosa
|
|
|
Batting: LHB Ricky Seilheimer
|
0-0: Swinging Strike 0-1: Ball 1-1: Ball 2-1: Ball 3-1: Fly out, F7 (Flyball, 7, EV 75.6 MPH)
|
|
Batting: RHB Bruce Chaney
|
0-0: Ball 1-0: Ball 2-0: Ball 3-0: Base on Balls
|
|
Pitching: RHP Donald Oliver
|
|
|
Batting: RHB Jeffrey Young
|
0-0: Grounds into double play, 4-6-3 (Groundball, 4, EV 93.1 MPH)
|
| Bottom of the 8th over - 0 runs, 0 hits, 0 errors, 0 left on base; Cedar Rapids 3 - Wausau 5 |
| TOP OF THE 9TH |
|
Cedar Rapids Cardinals batting - Pitching for Wausau Timbers : RHP Rafael Ramirez
|
|
Batting: RHB Orlando Ramirez
|
0-0: Foul Ball, location: 2F 0-1: Foul Ball, location: 2F 0-2: Foul Ball, location: 2F 0-2: Ball 1-2: Foul Ball, location: 2F 1-2: Ball 2-2: Fly out, F9 (Flyball, 89D, EV 84.4 MPH)
|
|
Batting: RHB Reggie D Williams
|
0-0: Called Strike 0-1: Ball 1-1: Ground out 6-3 (Groundball, 6, EV 98.8 MPH)
|
|
Batting: RHB Nehames Bernstine
|
0-0: Called Strike 0-1: Ball 1-1: Ball 2-1: Foul Ball, location: 2F 2-2: Strikes out looking
|
| Top of the 9th over - 0 runs, 0 hits, 0 errors, 0 left on base; Cedar Rapids 3 - Wausau 5 |
|